Map: Dusk Towers

Players

Miszu - Winner!

  • Race: Protoss Protoss
  • League: Grandmaster

MeTabee

  • Race: Zerg Zerg
  • League: Grandmaster

VOD

Have the link to the VOD?

Description

Time

  • Played on: April 8, 2016, 6:56 p.m.
  • Length: 10:21
Show
View Real Time Build Order
Export as new Build Order

Miszu Protoss - Winner!

Build Orders: 1 Gate Expand, Mass Adepts 

Get SALT Encoding   

  12  0:00  Probe (Chrono Boost)  
  13  0:11  Probe (Chrono Boost)  
  14  0:17  Pylon  
  14  0:23  Probe (Chrono Boost)  
  15  0:35  Probe (Chrono Boost)  
  16  0:38  Gateway  
  16  0:46  Probe (Chrono Boost)  
  17  0:56  Probe (Chrono Boost)  
  18  1:12  Nexus  
  18  1:16  Probe (Chrono Boost)  
  19  1:24  Assimilator  
  19  1:26  Probe (Chrono Boost)  
  20  1:33  Cybernetics Core  
  20  1:39  Probe (Chrono Boost)  
  21  1:45  Pylon  
  21  1:49  Probe (Chrono Boost)  
  21  1:51  Assimilator  
  22  2:00  Probe (Chrono Boost)  
  23  2:09  Adept (Chrono Boost)  
  25  2:16  Warp Gate (Chrono Boost)  
  25  2:17  Probe  
  26  2:23  Probe  
  26  2:29  Probe  
  28  2:30  Adept (Chrono Boost)  
  28  2:35  Probe  
  31  2:41  Mothership Core  
  33  2:47  Probe  
  33  2:48  Gateway  
  33  2:50  Gateway  
  34  2:59  Probe  
  34  3:02  Probe  
  36  3:11  Probe  
  37  3:17  Probe  
  37  3:19  Adept  
  38  3:23  Probe  
  39  3:29  Probe  
  40  3:36  Probe  
  41  3:41  Pylon, Probe  
  42  3:48  Probe  
  42  3:49  Stargate  
  42  3:51  Stargate, Assimilator  
  42  3:52  Assimilator  
  42  3:54  Probe  
  44  4:01  Probe  
  45  4:06  Probe  
  45  4:07  Adept x2  
  45  4:08  Adept  
  52  4:10  Pylon  
  52  4:13  Probe  
  53  4:18  Probe  
  54  4:28  Adept, Probe  
  54  4:30  Probe  
  54  4:31  Adept x2  
  60  4:37  Pylon  
  62  4:44  Pylon  
  62  4:46  Pylon  
  62  4:53  Pylon  
  62  4:55  Probe  
  62  4:56  Adept, Phoenix x2 (Chrono Boost)  
  68  5:11  Probe  
  69  5:16  Nexus  
  69  5:17  Phoenix (Chrono Boost)  
  71  5:26  Phoenix (Chrono Boost)  
  73  5:33  Probe x2  
  75  5:43  Phoenix (Chrono Boost)  
  75  5:45  Probe  
  75  5:47  Adept x2, Phoenix (Chrono Boost)  
  75  5:48  Adept  
  75  5:49  Pylon  
  70  6:06  Phoenix (Chrono Boost)  
  70  6:08  Adept x3  
  70  6:09  Phoenix (Chrono Boost)  
  80  6:12  Probe  
  80  6:13  Probe  
  82  6:21  Pylon  
  82  6:27  Phoenix (Chrono Boost)  
  82  6:32  Adept x2  
  86  6:33  Adept  
  90  6:42  Probe x2  
  90  6:45  Phoenix (Chrono Boost)  
  94  6:51  Robotics Facility  
  94  6:53  Robotics Facility  
  94  6:54  Probe x2  
  94  7:06  Probe  
  95  7:14  Phoenix x2 (Chrono Boost)  
  99  7:16  Adept x2  
  99  7:17  Adept, Probe  
  99  7:18  Probe  
  99  7:22  Twilight Council  
  107  7:29  Probe  
  108  7:31  Probe  
  109  7:39  Pylon  
  109  7:41  Probe  
  110  7:44  Immortal  
  110  7:48  Immortal  
  110  7:51  Forge, Pylon  
  116  7:58  Charge (Chrono Boost)  
  116  8:10  Gateway  
  116  8:12  Gateway, Pylon  
  116  8:14  Gateway  
  116  8:19  Immortal  
  124  8:27  Immortal  
  122  8:44  Pylon, Zealot x3  
  128  8:51  Gateway  
  128  8:54  Gateway  
  128  8:55  Observer  
  128  8:58  Gateway  
  128  9:00  Gateway  
  128  9:02  Assimilator  
  129  9:03  Assimilator  
  129  9:06  Immortal  
  133  9:10  Templar Archives  
  133  9:11  Zealot  
  133  9:12  Zealot x5  
  139  9:35  Zealot x5  
  139  9:36  Zealot  
  147  9:41  Immortal  
  155  9:53  Zealot x3  
  155  9:59  Zealot x5  
  133  10:19  Zealot x7  
  133  10:20  Zealot  
Show
View Real Time Build Order
Export as new Build Order

MeTabee Zerg 

Build Orders: Hatch First, Lurkers 

Get SALT Encoding   

  12  0:01  Drone  
  13  0:07  Drone  
  14  0:22  Extractor  
  14  0:23  Extractor, Drone x2  
  16  0:44  Hatchery  
  16  0:47  Overlord  
  15  1:01  Spawning Pool  
  14  1:06  Drone  
  14  1:09  Drone  
  16  1:13  Drone  
  16  1:17  Drone  
  18  1:20  Extractor  
  17  1:28  Drone  
  18  1:39  Drone  
  19  1:48  Queen  
  19  1:49  Drone  
  22  1:56  Queen  
  22  1:57  Zergling x2  
  22  2:01  Overlord  
  25  2:07  Drone  
  26  2:11  Drone  
  27  2:18  Drone  
  28  2:23  Drone  
  28  2:29  Drone  
  30  2:32  Drone  
  30  2:33  Metabolic Boost, Queen  
  33  2:39  Overlord  
  33  2:44  Drone  
  34  2:55  Drone x2  
  34  2:56  Overlord  
  34  2:58  Drone  
  37  2:59  Drone  
  37  3:03  Drone x3  
  41  3:14  Drone x3  
  41  3:19  Zergling x2  
  44  3:21  Lair  
  44  3:22  Extractor  
  44  3:23  Extractor  
  41  3:31  Drone  
  41  3:32  Drone x3  
  45  3:36  Drone x2  
  47  3:47  Drone x2, Hatchery  
  48  3:50  Extractor, Drone x2  
  48  3:55  Overlord  
  49  3:57  Drone  
  50  4:08  Drone  
  50  4:09  Drone  
  52  4:14  Drone  
  53  4:17  Drone x3  
  53  4:18  Drone x2  
  53  4:22  Hydralisk Den  
  56  4:24  Overseer  
  56  4:35  Drone x2  
  58  4:43  Spore Crawler  
  57  4:51  Hydralisk  
  59  4:53  Muscular Augments  
  59  4:54  Overlord x5  
  59  5:05  Spore Crawler  
  59  5:06  Spore Crawler  
  57  5:10  Hydralisk x2  
  57  5:11  Hydralisk x2  
  57  5:13  Hydralisk x3  
  67  5:22  Zergling x6  
  67  5:23  Zergling x2  
  65  5:35  Zergling x2  
  65  5:36  Zergling x6  
  63  5:52  Zergling x2  
  63  5:53  Zergling x6, Hydralisk  
  64  6:02  Drone x3  
  63  6:08  Lurker Den  
  63  6:10  Drone  
  63  6:11  Drone  
  65  6:18  Drone x3  
  68  6:23  Drone x3  
  68  6:24  Drone  
  72  6:29  Drone  
  72  6:30  Drone  
  72  6:38  Hydralisk x3  
  78  6:49  Drone x3  
  78  6:50  Extractor x2  
  78  6:52  Drone  
  78  6:53  Drone x2  
  75  7:16  Spore Crawler  
  75  7:21  Drone x6  
  80  7:31  Hydralisk x2  
  80  7:32  Hydralisk x2  
  80  7:36  Lurker  
  80  7:37  Lurker x3  
  91  7:48  Hydralisk x3  
  97  7:55  Drone  
  97  7:57  Overlord x4  
  97  7:58  Overlord x2  
  98  8:17  Hydralisk  
  98  8:18  Hydralisk x5  
  110  8:24  Queen  
  104  8:43  Hydralisk x3  
  110  8:49  Hydralisk x2  
  110  8:50  Hydralisk x3  
  110  8:52  Zergling x8  
  124  9:07  Hydralisk x4  
  118  9:40  Hydralisk x5  
  118  9:41  Hydralisk  
  118  9:42  Zergling x14  
  118  9:45  Overlord x2  
  135  9:59  Zergling x8  
Tags
 
Add a new tag
Caveats
  • Supply blocks, unpowered buildings, or Contaminate may cause inaccurate times.
  • Supply counts are checked every 10 seconds.